 Dungeon Crawl Stone Soup version 0.19.0 (webtiles) character file.

2332 jimeh the Nimble (level 9, -4/47 HPs)
             Began as a Felid Berserker on Nov 12, 2016.
             Was a High Priest of Trog.
             Slain by a gargoyle
             ... wielding a +0 flail
              (8 damage)
             ... on level 11 of the Dungeon on Nov 13, 2016.
             The game lasted 00:29:10 (9545 turns).

jimeh the Nimble (Felid Berserker)                  Turns: 9545, Time: 00:29:10

Health: -4/47      AC:  3    Str: 13    XL:     9   Next: 19%
Magic:  10/10      EV: 29    Int:  9    God:    Trog [*****.]
Gold:   391        SH:  0    Dex: 19    Spells: 0 memorised, 8 levels left
                                        Lives:  0   Deaths: 3

rFire  . . .     SeeInvis +       - Unarmed
rCold  . . .     Gourm    .     (armour unavailable)
rNeg   . . .     Faith    .     (shield unavailable)
rPois  .         Spirit   .     (helmet unavailable)
rElec  .         Reflect  .     (cloak unavailable)
rCorr  .         Harm     .     (gloves unavailable)
MR     +++..                    (boots unavailable)
Stlth  +++++.....               (no amulet)
                                (no ring)
                                (no ring)

@: exhausted, regenerating, slowed, slow
A: no armour, no weapons or thrown items, stealth, claws 1, fangs 3, rugged
brown scales 1, see invisible, carnivore 3, speed 1, mutation resistance 1,
screaming 1, shaggy fur 2, slow metabolism 1, sharp paws
a: Berserk, Trog's Hand, Brothers in Arms, Burn Spellbooks, Renounce Religion


You were on level 11 of the Dungeon.
You worshipped Trog.
Trog was extremely pleased with you.
You were not hungry.

You visited 1 branch of the dungeon, and saw 11 of its levels.

You collected 492 gold pieces.
You spent 101 gold pieces at shops.

Inventory:

Jewellery
 w - a cursed ring of teleportation {unknown}
 y - an uncursed ring of magical power {unknown}
 F - a +1 ring of protection {unknown}
 I - a cursed ring of loudness {unknown}
 J - a +4 ring of intelligence {unknown}
Wands
 i - a wand of polymorph (10/24)
 s - a wand of random effects (29/48)
 C - a wand of iceblast (6/15)
 D - a wand of enslavement (11/24)
 E - a wand of slowing (26/48)
 L - a wand of acid (10/15)
Scrolls
 c - 10 scrolls of remove curse
 h - 8 scrolls of identify
 p - 3 scrolls of enchant armour {unknown}
 q - 3 scrolls of teleportation {unknown}
 t - 4 scrolls of recharging {unknown}
 v - 2 scrolls of random uselessness {unknown}
 M - a scroll of blinking {unknown}
 O - a scroll of immolation {unknown}
Potions
 b - 5 potions of lignification {unknown}
 e - 5 potions of curing
 g - 2 potions of agility {unknown}
 j - 3 potions of invisibility {unknown}
 k - 2 potions of might {unknown}
 l - a potion of ambrosia {unknown}
 m - 2 potions of haste {unknown}
 o - a potion of beneficial mutation {unknown}
 r - a potion of cancellation {unknown}
 u - a potion of cure mutation {unknown}
 x - 2 potions of flight {unknown}
 z - a potion of brilliance {unknown}
 B - a potion of mutation {unknown}
 G - a potion of berserk rage {unknown}
Books
 n - a book of Misfortune

   Spells                             Type                      Level
   a - Confusing Touch                Hexes                        1
   b - Confuse                        Hexes                        3
   c - Gell's Gravitas                Hexes/Translocation          3
   d - Petrify                        Transmutation/Earth          4
   e - Metabolic Englaciation         Hexes/Ice                    5
   f - Yara's Violent Unravelling     Hexes/Transmutation          5
   Trog disapproves of the use of such an item.
 H - a book of Maledictions

   Spells                             Type                      Level
   a - Corona                         Hexes                        1
   b - Ensorcelled Hibernation        Hexes/Ice                    2
   c - Confuse                        Hexes                        3
   d - Tukima's Dance                 Hexes                        3
   e - Dazzling Spray                 Conjuration/Hexes            3
   Trog disapproves of the use of such an item.
 K - a book of Minor Magic

   Spells                             Type                      Level
   a - Magic Dart                     Conjuration                  1
   b - Blink                          Translocation                2
   c - Call Imp                       Summoning                    2
   d - Repel Missiles                 Charms/Air                   2
   e - Slow                           Hexes                        2
   f - Conjure Flame                  Conjuration/Fire             3
   g - Mephitic Cloud                 Conjuration/Poison/Air       3
   Trog disapproves of the use of such an item.
Comestibles
 a - 6 meat rations
 d - 4 royal jellies
 f - 5 beef jerkies


   Skills:
 + Level 9.6 Fighting
 - Level 11.8 Dodging
 - Level 9.0 Stealth
 - Level 10.1 Unarmed Combat


You had 8 spell levels left.
You didn't know any spells.

Dungeon Overview and Level Annotations

Branches:
Dungeon (11/15)            Temple (0/1) D:6            Lair (0/6) D:11
    Orc: D:9-12

Altars:

Shops:
D:4 (!(%   D:6 *   D:8 ?   D:9 =


Innate Abilities, Weirdness & Mutations

You cannot wear armour.
You are incapable of wielding weapons or throwing items.
Your paws allow you to move quietly. (Stealth)
You have sharp claws.
You have razor-sharp teeth.
You have supernaturally acute eyesight. (SInv)
You are carnivorous and can eat meat at any time.
You cover ground quickly.
You are covered in thick fur. (AC +2)
You have a slow metabolism.
Your sharp claws are effective at attacking unaware monsters.
You are partially covered in rugged brown scales. (AC +1, +3% HP)
You are somewhat resistant to further mutation.
You occasionally shout uncontrollably at your foes.


Message History

The vampire mosquito is almost destroyed.
The vampire mosquito bites you!
* * * LOW HITPOINT WARNING * * *
The vampire mosquito draws strength from your injuries!
The vampire mosquito completely misses you.
The gargoyle hits you with a flail!
* * * LOW HITPOINT WARNING * * *
You scratch the gargoyle.
The gargoyle is lightly damaged.
The vampire mosquito completely misses you. x2
The gargoyle hurls a stone arrow at you.
The stone arrow misses you.
The vampire mosquito completely misses you.
You claw the gargoyle!
The gargoyle is severely damaged.
The vampire mosquito bites you.
* * * LOW HITPOINT WARNING * * *
The vampire mosquito draws strength from your injuries!
The jelly misses you. The gargoyle hits you with a flail!
You die...

.........## ...
...###....##...#
#......#.o|.
#..#....#...
####.......#
#..#........ .
#....)###..o
...###.Wy9J# ...
#......)#@(# .
#.......####
#.!###..# !.
#.... #$.#.. ###
... .# .... ..
..### ..###. ...


You could see a phantom, a vampire mosquito, a gargoyle and a jelly.

Vanquished Creatures
  Erica (D:10)
  The ghost of PurpleOddity the Slasher, a novice NaFi of Okawaru (D:7)
  A cyclops (D:11)
  A troll (D:11)
  A hippogriff (D:7)
  A wraith (D:10)
  5 yaks (D:10)
  2 hungry ghosts (D:7)
  A mottled dragon (D:10)
  An orc warrior (D:8)
  2 ice beasts
  2 sky beasts
  2 black bears
  2 eyes of draining
  4 ogres
  6 centaurs
  A crocodile (D:9)
  A big kobold (D:10)
  3 bullfrogs
  A wyvern zombie (D:10)
  3 scorpions
  7 killer bees (D:10)
  7 wights (D:7)
  4 howler monkeys
  A centaur zombie (D:5)
  4 crimson imps
  A bullfrog zombie (D:6)
  4 hounds
  A jelly (D:10)
  3 quasits
  10 orc priests
  4 bullfrog skeletons
  A centaur skeleton (D:5)
  A gnoll shaman (D:8)
  Jessica (D:2)
  3 iguanas
  11 orc wizards
  5 worker ants
  A killer bee zombie (D:5)
  A hound zombie (D:5)
  3 worker ant zombies
  5 gnolls (D:8)
  8 adders
  A shadow imp (D:8)
  An ooze (D:2)
  An adder zombie (D:7)
  An adder skeleton (D:4)
  5 worms
  A dart slug (D:1)
  7 leopard geckos
  34 orcs
  4 ball pythons
  4 giant cockroaches
  10 goblins
  6 hobgoblins
  15 jackals
  11 kobolds
  5 quokkas
  A ball python skeleton (D:4)
  6 bats
  5 frilled lizards
  A leopard gecko skeleton (D:8)
  A quokka skeleton (D:5)
  9 rats
257 creatures vanquished.

Notes
Turn   | Place    | Note
-------+----------+-------------------------------------------
     0 | D:1      | jimeh the Felid Berserker began the quest for the Orb.
     0 | D:1      | Reached XP level 1. HP: 10/10 MP: 2/2
   143 | D:1      | Reached XP level 2. HP: 11/14 MP: 3/3
   700 | D:2      | Reached XP level 3. HP: 12/17 MP: 4/4
   774 | D:2      | Reached ** piety under Trog
   792 | D:2      | Noticed Jessica
   798 | D:2      | Killed Jessica
   798 | D:2      | Reached skill level 1 in Stealth
  1168 | D:2      | Reached XP level 4. HP: 21/21 MP: 5/5
  1380 | D:2      | Reached skill level 5 in Dodging
  1804 | D:3      | Reached XP level 5. HP: 23/24 MP: 6/6
  1808 | D:3      | Slain by an orc wizard
  1809 | D:3      | Reached XP level 4. HP: -3/31 MP: 5/5
  2100 | D:3      | Reached XP level 5. HP: 24/24 MP: 6/6
  2189 | D:3      | Reached *** piety under Trog
  2189 | D:3      | Reached skill level 5 in Unarmed Combat
  2320 | D:4      | Found Fatedaac's Distillery.
  2326 | D:4      | Bought a potion of heal wounds for 65 gold pieces
  2560 | D:4      | Found Qajiutod's Weapon Emporium.
  2690 | D:4      | Gained mutation: You are covered in thick fur. (AC +2) [Felid growth]
  2690 | D:4      | Reached XP level 6. HP: 24/28 MP: 7/7
  2916 | D:4      | Found Lythrula's Food Emporium.
  3157 | D:4      | Found Byuq's Weapon Shoppe.
  3203 | D:5      | Entered Level 5 of the Dungeon
  3213 | D:5      | Reached skill level 6 in Dodging
  3678 | D:5      | HP: 1/28 [centaur (9)]
  3684 | D:5      | Reached XP level 7. HP: 31/31 MP: 8/8
  3790 | D:5      | Reached skill level 5 in Stealth
  3822 | D:5      | Reached skill level 7 in Dodging
  4050 | D:5      | Reached skill level 8 in Dodging
  4583 | D:5      | Reached XP level 8. HP: 30/35 MP: 9/9
  4931 | D:6      | Found Xyafuow's General Store.
  4934 | D:6      | Bought a potion of curing for 36 gold pieces
  4979 | D:6      | Reached skill level 9 in Dodging
  5226 | D:6      | Found a staircase to the Ecumenical Temple.
  5285 | D:6      | Reached **** piety under Trog
  5291 | D:6      | Reached skill level 10 in Dodging
  5703 | D:7      | Noticed PurpleOddity's ghost (novice NaFi)
  5711 | D:7      | Killed PurpleOddity's ghost
  5711 | D:7      | Reached skill level 11 in Dodging
  5782 | D:7      | Reached XP level 9. HP: 25/38 MP: 10/10
  7329 | D:8      | Gained mutation: You are partially covered in rugged brown scales. (AC +1, +3% HP) [mutagenic meat]
  7330 | D:8      | Gained mutation: You have a pair of small horns on your head. [mutagenic meat]
  7332 | D:8      | Gained mutation: Your spells are a little easier to cast, but a little less powerful. [mutagenic meat]
  7333 | D:8      | Gained mutation: You are somewhat resistant to further mutation. [mutagenic meat]
  7580 | D:8      | Reached XP level 10. HP: 43/43 MP: 11/11
  7640 | D:8      | Found Tosmaax's Magic Scroll Boutique.
  7929 | D:9      | Found Roerphu's Jewellery Shoppe.
  7959 | D:9      | Reached skill level 10 in Unarmed Combat
  8347 | D:10     | Entered Level 10 of the Dungeon
  8347 | D:10     | Noticed Erica
  8359 | D:10     | Killed Erica
  8359 | D:10     | Reached skill level 5 in Fighting
  8943 | D:10     | Lost mutation: Your spells are a little easier to cast, but a little less powerful. [mutagenic meat]
  8944 | D:10     | Lost mutation: You have a pair of small horns on your head. [mutagenic meat]
  8945 | D:10     | Gained mutation: You occasionally shout uncontrollably at your foes. [mutagenic meat]
  9425 | D:11     | Noticed an unseen horror
  9446 | D:11     | Slain by an unseen horror
  9447 | D:11     | Reached XP level 9. HP: -4/46 MP: 10/10
  9447 | D:11     | Found a staircase to the Lair.
  9458 | D:11     | Noticed a centaur warrior
  9475 | D:11     | Shot with an arrow by a centaur warrior
  9476 | D:11     | Reached XP level 8. HP: -17/64 MP: 9/9
  9481 | D:11     | Noticed a cyclops
  9484 | D:11     | Killed a cyclops
  9484 | D:11     | Reached XP level 9. HP: 47/47 MP: 10/10
  9505 | D:11     | Reached ***** piety under Trog
  9534 | D:11     | Noticed a gargoyle
  9540 | D:11     | HP: 1/47 [vampire mosquito (6)]
  9545 | D:11     | Slain by a gargoyle

Skill      XL: |  1  2  3  4  5  6  7  8  9 10 |
---------------+-------------------------------+-----
Stealth        | 1 2 3 4 6 8 9 |  9.0
Unarmed Combat | 4 5 6 9 10 | 10.1
Dodging        | 5 6 8 11 | 11.8
Fighting       | 9 |  9.6

Action                   |  1- 3 |  4- 6 |  7- 9 | 10-12 || total
-------------------------+-------+-------+-------+-------++-------
Melee: Unarmed           |    75 |   200 |   366 |   187 ||   828
       Bite              |     7 |    11 |    45 |    25 ||    88
       Punch             |     2 |     5 |    19 |    11 ||    37
       Headbutt          |       |       |       |    35 ||    35
Invok: Berserk           |     2 |     4 |    11 |     4 ||    21
       Trog's Hand       |       |     1 |     5 |     3 ||     9
  Use: Scroll            |       |     3 |       |       ||     3
       Potion            |       |     2 |     1 |       ||     3
 Stab: Sleeping          |     4 |    11 |    14 |     3 ||    32
       Distracted        |       |       |       |     2 ||     2
  Eat: Chunk             |     9 |     7 |    29 |    12 ||    57
       Beef jerky        |       |       |     3 |       ||     3
       Pizza             |       |       |     1 |       ||     1
Armor: Skin              |     1 |     4 |    13 |     6 ||    24
Dodge: Dodged            |    69 |   149 |   326 |   177 ||   721
